 Dungeon Crawl Stone Soup version 0.27.0-1-g7a089689b8 (console) character file.

Game seed: 12841967540457327242

4970 jejorda2 the Stinger (level 10, 0/84 HPs)
             Began as a Demigod Venom Mage on Aug 4, 2021.
             Slain by a wraith (4 damage)
             ... on level 8 of the Dungeon on Aug 5, 2021.
             The game lasted 00:50:58 (11156 turns).

jejorda2 the Stinger (Demigod Venom Mage)          Turns: 11156, Time: 00:51:00

Health: 0/84       AC: 10    Str: 13    XL:     10   Next: 8%
Magic:  18/18      EV: 21    Int: 25    God:
Gold:   330        SH:  5    Dex: 14    Spells: 5/15 levels left

rFire    . . .     SeeInvis .   b - +0 morningstar
rCold    . . .     Faith    .   h - +0 buckler
rNeg     . . .     Spirit   .   D - +2 leather armour {Will+}
rPois    .         Reflect  .   k - +2 helmet
rElec    .         Harm     .   (no cloak)
rCorr    .         Rampage  .   m - +0 pair of gloves
Will     ++...                  u - +0 pair of boots
Stlth    ++........             (no amulet)
HPRegen  0.24/turn              j - +4 ring of evasion
MPRegen  0.16/turn              y - +4 ring of evasion

@: on berserk cooldown, slowed, very slow
A: high mp 1, forlorn
a: no special abilities


You were on level 8 of the Dungeon.
You visited 1 branch of the dungeon, and saw 9 of its levels.

You collected 330 gold pieces.

Inventory:

Hand Weapons
 b - a +0 morningstar (weapon)
 J - a +2 short sword of draining
 W - a +1 dagger of flaming
Missiles
 e - 272 stones
 i - 4 atropa-tipped darts
 l - 5 throwing nets
 q - 64 poisoned darts (quivered)
 x - 4 boomerangs
 E - 4 boomerangs of dispersal
Armour
 h - a +0 buckler (worn)
 k - a +2 helmet (worn)
 m - a +0 pair of gloves (worn)
 u - a +0 pair of boots (worn)
 D - a +2 leather armour of willpower (worn)
Magical Staves
 a - a staff of poison
Jewellery
 j - a +4 ring of evasion (left hand)
 y - a +4 ring of evasion (right hand)
 I - a ring of positive energy
Scrolls
 g - a scroll of magic mapping
 o - 3 scrolls of amnesia
 s - a scroll of blinking
 A - 3 scrolls of fog
 F - a scroll of teleportation
 H - a scroll of enchant weapon
Potions
 f - a potion of haste {unknown}
 n - a potion of cancellation {unknown}
 p - a potion of flight
 r - a potion of ambrosia
 t - a potion of might
 v - 3 potions of curing
 z - 3 potions of heal wounds
 B - 3 potions of resistance
 G - a potion of invisibility {unknown}


   Skills:
 - Level 6.4 Fighting
 - Level 2.0 Short Blades
 * Level 0.6 Maces & Flails
 - Level 2.0 Armour
 + Level 5.2 Dodging
 - Level 3.0 Stealth
 - Level 4.0 Shields
 + Level 3.4 Spellcasting
 - Level 4.0 Conjurations
 - Level 2.0 Transmutations
 - Level 4.0 Air Magic
 - Level 7.0 Poison Magic


You had 5 spell levels left.
You knew the following spells:

 Your Spells              Type           Power      Damage    Failure   Level
a - Sting                 Tmut/Pois      100%       1d8       1%          1
b - Poisonous Vapours     Pois/Air       62%        N/A       1%          2
c - Mephitic Cloud        Conj/Pois/Air  29%        N/A       4%          3
d - Olgreb's Toxic Radia  Pois           39%        N/A       7%          4

Your spell library contained the following spells:

 Spells                   Type           Power      Damage    Failure   Level
 Pain                     Necr           16%        1d4       12%         1
 Agony                    Necr           4%         N/A       98%         5
 Excruciating Wounds      Necr           2%         N/A       98%         5


Dungeon Overview and Level Annotations

Branches:
Dungeon (9/15)             Temple (0/1) D:6            Lair (0/6) D:8
    Orc: D:9-12


Innate Abilities, Weirdness & Mutations

Your attributes grow dramatically as you level up.
You have an increased reservoir of magic. (+10% MP)
You shall have no god before yourself.


Message History

Your +0 pair of boots unmelds from your body.
Your +2 leather armour of willpower unmelds from your body.
You feel strong-willed. The wraith closely misses you.
The wraith completely misses you.
You hit the wraith.
The wraith is lightly damaged.
The wraith hits you but does no damage. The wraith closely misses you.
A red film seems to cover your vision as you go berserk!
You feel yourself moving faster!
You feel mighty! The wraith misses you. The wraith hits you.
* * * LOW HITPOINT WARNING * * *
You hit the wraith but do no damage.
The wraith is lightly damaged.
The wraith misses you.
You sock the wraith!
The wraith is heavily damaged.
The wraith hits you!
* * * LOW HITPOINT WARNING * * *
The wraith completely misses you.
You closely miss the wraith.
The wraith is heavily damaged.
The wraith closely misses you.
You closely miss the wraith.
The wraith is heavily damaged.
The wraith hits you.
* * * LOW HITPOINT WARNING * * *
The wraith drains your vigour!
You feel as though you will be slow longer.
The wraith hits you.
* * * LOW HITPOINT WARNING * * *
You puncture the wraith!
The wraith is severely damaged.
The wraith hits you but does no damage.
You hit the wraith.
The wraith is almost destroyed.
You are no longer berserk.
You are exhausted.
You feel as though you will be slow longer.
The wraith hits you but does no damage. The wraith hits you.
You die...

...##.#.#.##.................#
........#.##.................#
........#.##.......###########
........#.##...........####
........#.##..............#
........#.##..............#
#####.#.#.##..............#
#.#.#.##.......#......#
#.#.#.##....@..#......#
#.#.#.#######W)########
#####.#.#........[>#
......#.############ ####.<#.#
......#.# .###..#.# ......#.#
####.##.#


You could see a wraith.

Vanquished Creatures
  Pikel (D:7)
  A manticore (D:6)
  Prince Ribbit (D:7)
  Eustachio (D:4)
  A wraith (D:6)
  A yak (D:8)
  2 steam dragons (D:7)
  4 water moccasins (D:8)
  4 orc warriors
  2 ice beasts
  2 sky beasts
  2 black bears
  3 ogres
  2 centaurs (D:6)
  A lemure (D:7)
  2 phantoms (D:5)
  4 bullfrogs
  2 scorpions
  A wyvern skeleton (D:7)
  A water moccasin zombie (D:5)
  3 howler monkeys
  A centaur zombie (D:7)
  3 bullfrog skeletons
  3 jellies
  A gnoll shaman (D:5)
  3 orc priests
  A hound (D:4)
  2 centaur skeletons
  Natasha (thrice) (D:2)
  2 iguanas
  4 orc wizards
  A killer bee zombie (D:6)
  Robin (D:1)
  A howler monkey zombie (D:6)
  14 gnolls
  A howler monkey skeleton (D:6)
  4 adders
  2 shadow imps
  2 white imps (D:8)
  3 worms
  A dart slug (D:4)
  28 orcs
  2 ball pythons (D:1)
  5 endoplasms
  5 giant cockroaches
  12 goblins
  10 hobgoblins
  5 jackals
  3 quokkas
  3 bats
  7 frilled lizards
  7 kobolds
  2 rats (D:1)
183 creatures vanquished.

Vanquished Creatures (others)
  18 fungi (D:8)
  29 plants
47 creatures vanquished.

Grand Total: 230 creatures vanquished

Notes
Turn   | Place    | Note
-------+----------+-------------------------------------------
     0 | D:1      | jejorda2 the Demigod Venom Mage began the quest for the
                  | Orb.
     0 | D:1      | Reached XP level 1. HP: 14/14 MP: 5/5
    56 | D:1      | Reached skill level 1 in Transmutations
   343 | D:1      | Reached skill level 1 in Fighting
   497 | D:1      | Reached XP level 2. HP: 14/23 MP: 1/7
  1647 | D:2      | Noticed Robin
  1673 | D:1      | Reached XP level 3. HP: 18/29 MP: 6/8
  2005 | D:1      | Killed Robin
  2243 | D:1      | Learned a level 3 spell: Mephitic Cloud
  2530 | D:2      | Noticed Natasha
  2547 | D:2      | Killed Natasha
  2548 | D:2      | Reached XP level 4. HP: 25/37 MP: 4/10
  2563 | D:2      | Noticed Natasha
  2570 | D:2      | Killed Natasha
  2571 | D:2      | Reached skill level 1 in Air Magic
  2968 | D:2      | Noticed Natasha
  2977 | D:2      | Killed Natasha
  2978 | D:2      | Reached skill level 1 in Conjurations
  3268 | D:3      | Learned a level 2 spell: Poisonous Vapours
  3413 | D:3      | Reached XP level 5. HP: 40/45 MP: 5/11
  3785 | D:3      | Noticed an ice beast
  3867 | D:2      | Killed an ice beast
  4300 | D:4      | Noticed a sky beast
  4323 | D:4      | Killed a sky beast
  4324 | D:4      | Reached XP level 6. HP: 43/52 MP: 0/12
  4543 | D:4      | Reached skill level 1 in Shields
  4861 | D:4      | Reached skill level 3 in Poison Magic
  4997 | D:4      | Noticed Eustachio
  5169 | D:4      | Reached XP level 7. HP: 57/58 MP: 7/13
  5218 | D:4      | Killed Eustachio
  5606 | D:4      | Book past rock
  5629 | D:5      | Entered Level 5 of the Dungeon
  6088 | D:5      | Reached skill level 1 in Armour
  6428 | D:5      | Reached XP level 8. HP: 47/66 MP: 6/14
  6433 | D:5      | Learned a level 4 spell: Olgreb's Toxic Radiance
  7064 | D:6      | Reached skill level 4 in Poison Magic
  7181 | D:6      | Noticed a manticore
  7203 | D:6      | Reached skill level 5 in Poison Magic
  7221 | D:6      | Killed a manticore
  7222 | D:6      | Reached skill level 6 in Poison Magic
  7357 | D:6      | Identified the +0 robe of Erghonomm {*Corrode rN+ Dex+2}
  7667 | D:6      | Found a staircase to the Ecumenical Temple.
  7806 | D:6      | Reached XP level 9. HP: 67/71 MP: 7/15
  8208 | D:6      | Identified the +9 plate armour of Okawaru's Generosity
                  | {Str+4}
  8563 | D:7      | Reached skill level 1 in Short Blades
  8673 | D:7      | Reached skill level 7 in Poison Magic
  9024 | D:7      | Noticed Pikel
  9040 | D:7      | Killed Pikel
  9041 | D:7      | Reached skill level 5 in Fighting
  9245 | D:7      | Noticed Prince Ribbit
  9265 | D:7      | Killed Prince Ribbit
 10086 | D:8      | Found a staircase to the Lair.
 10133 | D:8      | Reached skill level 5 in Dodging
 10225 | D:8      | Reached XP level 10. HP: 50/83 MP: 18/18
 11154 | D:8      | HP: 5/126 [wraith (2)]
 11156 | D:8      | Slain by a wraith

Illustrated notes

.....###.....##.........')...##..
8....._#####'##.........#....####
.....###.....#..........##...##..
...###.......#.........)##...##..
.###.........#...............#...
.#..##......#########........##.†
##..####'#######...##........##..
#...##......##:#...#..........#..
#....#......##:#@_.#.........(#.>
.....#......##:#...#..........#..
.....#......####...#..........#..
.....#......# #'####...#######..
..####...##### #...##...####.##..
..####...##..###...##............
.........#........)..............
.........#.......................
.........#.......................


Turn 5606 on D:4: Book past rock

Levels and vault maps discovered:
D:1:      ebering_hopf_link, layout_basic,
          hellmonk_ecumenical_altar_pennies_from_heaven, serial_bayou,
          serial_bayou_lagoon_a, serial_bayou_pond_c, serial_bayou_pond_e,
          serial_bayou_pond_e, serial_bayou_shore_b
D:2:      layout_basic, uniq_robin, uniq_natasha
D:3:      layout_rooms
D:4:      layout_gridville, mainiacjoe_overflow_brackets,
          gammafunk_temple_overflow_elements, minmay_overflow_temple_star_quad,
          nicolae_sif_muna_little_library, uniq_eustachio
D:5:      layout_basic, skrybe_limestone_x, hex_intersection
D:6:      layout_basic, zin_treasury, temple_hall, minmay_chambers_of_fives
D:7:      layout_loops_corners, hangedman_glass_teeth,
          kennysheep_generic_room_15, uniq_prince_ribbit1, uniq_pikel
D:8:      layout_basic, vehumet_crystals, due_lair_maze_entry_diamond
D:9:      layout_basic, lemuel_doored_altar, mainiacjoe_overflow_catwalk,
          orc_0_dummy, minmay_misc_feat_rugged, uniq_maurice, uniq_erolcha

Skill      XL: |  1  2  3  4  5  6  7  8  9 |
---------------+----------------------------+-----
Transmutations | 1 2 |  2.0
Fighting       | 1 2 3 4 6 |  6.4
Spellcasting   | 2 3 |  3.4
Air Magic      | 1 2 3 4 |  4.0
Conjurations   | 1 2 3 4 |  4.0
Shields        | 2 3 4 |  4.0
Poison Magic   | 3 6 7 |  7.0
Armour         | 1 2 |  2.0
Dodging        | 2 5 |  5.2
Stealth        | 2 3 |  3.0
Short Blades   | 2 |  2.0
Maces & Flails | |  0.6

Action                   |  1- 3 |  4- 6 |  7- 9 | 10-12 || total
-------------------------+-------+-------+-------+-------++-------
Melee: Club              |     7 |       |       |       ||     7
       Dagger            |    21 |       |    22 |       ||    43
       Falchion          |    18 |   104 |   143 |       ||   265
       Short sword       |       |     1 |   224 |    44 ||   269
       Staff             |       |       |     6 |     2 ||     8
       Morningstar       |       |       |       |     9 ||     9
Throw: Dart              |       |     1 |       |       ||     1
 Cast: Sting             |    89 |    54 |    36 |     2 ||   181
       Poisonous Vapours |       |    25 |    27 |       ||    52
       Mephitic Cloud    |       |     4 |    17 |     1 ||    22
       Olgreb's Toxic Ra |       |       |    13 |     4 ||    17
  Use: Potion            |       |     4 |       |     3 ||     7
       Scroll            |       |       |    17 |       ||    17
 Stab: Sleeping          |     3 |     1 |     1 |       ||     5
       Confused          |       |     1 |    17 |       ||    18
       Distracted        |       |       |     1 |       ||     1
Armor: Robe              |     5 |    29 |       |       ||    34
       Leather armour    |       |       |    78 |    13 ||    91
       Skin              |       |       |       |    13 ||    13
Dodge: Dodged            |    99 |   122 |   350 |    83 ||   654
Block: Buckler           |       |       |    60 |    26 ||    86
       Rpst.: Falchion   |     7 |    38 |    47 |       ||    92
